 Dungeon Crawl Stone Soup version 0.30.0-18-gc0e69614cb (webtiles) character file.

Game seed: 14853072194986343869

163 FishyPogo the Chiller (level 5, -4/52 HPs)
             Began as a Demonspawn Ice Elementalist on May 22, 2023.
             Killed by divine providence
             ... invoked by an orc priest
              (12 damage)
             ... on level 3 of the Dungeon on May 25, 2023.
             The game lasted 00:18:11 (1755 turns).

FishyPogo the Chiller (Demonspawn Ice Elementalist) Turns: 1755, Time: 00:18:13

Health: -4/52      AC:  8    Str:  6 (8)  XL:     5   Next: 20%
Magic:  13/19      EV: 12    Int: 17 (19) God:
Gold:   87         SH:  4    Dex: 11 (13) Spells: 5/11 levels left

rFire   . . .        n - +2 whip (elec)
rCold   . . .        (no shield)
rNeg    . . .        a - +0 robe
rPois   .            (no helmet)
rElec   .            (no cloak)
rCorr   .            (no gloves)
SInv    .            (no boots)
Will    .....        (no amulet) Stlth
                     d - ring of magical power
HPRegen 0.28/turn    (no ring)
MPRegen 0.16/turn

%: no passive effects
@: berserking, lethally poisoned (-4 -> -12), ice-armoured, very quick
A: large bone plates 1, powered by death 1
a: no special abilities


You were on level 3 of the Dungeon.
You visited 1 branch of the dungeon, and saw 3 of its levels.

You collected 87 gold pieces.

Inventory:

Hand Weapons
 n - a +2 whip of electrocution (weapon)
Missiles
 c - 27 stones
 i - 8 poisoned darts (quivered)
Armour
 a - a +0 robe (worn)
Jewellery
 d - a ring of magical power (left hand)
Scrolls
 e - a scroll of blinking {unknown}
 f - 3 scrolls of summoning {unknown}
 h - 2 scrolls of enchant weapon {unknown}
 k - 2 scrolls of torment {unknown}
 l - 2 scrolls of teleportation {unknown}
 o - a scroll of fog {unknown}
Potions
 b - 3 potions of magic
 g - a potion of curing
 m - 2 potions of resistance


   Skills:
 - Level 2.0 Dodging
 - Level 2.0 Stealth
 + Level 3.7 Spellcasting
 + Level 4.8 Ice Magic


You had 5 spell levels left.
You knew the following spells:

 Your Spells              Type           Power      Damage    Failure   Level
a - Freeze                Ice            76%        1d8       2%          1
b - Ozocubu's Armour      Ice            19%        N/A       7%          3
c - Wereblood             Tmut           3%         N/A       24%         2

Your spell library contained the following spells:

 Spells                   Type           Power      Damage    Failure   Level
 Frozen Ramparts          Ice            38%        1d6       7%          3
 Sublimation of Blood     Necr           3%         N/A       24%         2
 Summon Ice Beast         Ice/Summ       11%        N/A       52%         4
 Ozocubu's Refrigeration  Ice            9%         4d9       100%        7
 Summon Hydra             Summ           1%         N/A       100%        7


Dungeon Overview and Level Annotations

Branches:
Dungeon (3/15)

Altars:
Cheibriados

Shops:
D:1 [?


Innate Abilities, Weirdness & Mutations

You are partially covered in large bone plates. (SH +4)
You regenerate a little health from kills.


Message History

There was something very wrong with that liquid.
You feel weakened.
You feel dopey.
You feel clumsy.
You feel very sick.
The orc wizard hits you with a +0 dagger of venom.
You are more poisoned.
It was a potion of berserk rage.
A red film seems to cover your vision as you go berserk!
You feel yourself moving faster!
You feel mighty!
You howl as the wereblood boils in your veins!
You feel very sick.
The orc wizard hits you but does no damage.
You are lethally poisoned!
You hit the orc wizard.
The orc wizard is severely wounded.
You feel very sick.
You closely miss the orc wizard.
The orc wizard is severely wounded.
* * * LOW HITPOINT WARNING * * *
You feel very sick. The orc wizard barely misses you.
You whack the orc wizard!
You feel a bit better.
You kill the orc wizard!
* * * LOW HITPOINT WARNING * * *
You feel sick.
You are too berserk!
Unknown command.
You are too berserk!
You are too berserk!
You are too berserk!
You hit the orc priest.
The orc priest is lightly wounded.
* * * LOW HITPOINT WARNING * * *
You feel very sick.
You hit the orc priest.
The orc priest is moderately wounded.
Your primal bloodlust has ended.
* * * LOW HITPOINT WARNING * * *
You feel sick.
The orc priest mumbles some strange prayers to Beogh against you.
Beogh smites you!
You die...

.#..#.+...+.#..#######..###......
.#..#.#...#.#..#....[[......###..
.'##'.#._.#.'##+.####.####### ###
.#..#.#...#.#..##.....#
.#..#.'...'.#..#..#####
.'..'###+###+..'.##
##..#.†.....#..#.####
#..#.†.....#..#...÷####
###'###+###'###@##....# ####..#
#.##o######.....#
#....>#!.......o.# .....8.
..#####..........# .##.... .##
#..........S.. b# #.# .#
#.(....(...... .# . .#
#............o .# ##
###########.o.. .# #####


You could see an orc priest and an orc.

Vanquished Creatures
  2 orc wizards (D:3)
  2 adders (D:3)
  A worm (D:2)
  3 dart slugs
  2 orcs (D:3)
  9 endoplasms
  A giant cockroach (D:1)
  6 goblins
  3 hobgoblins
  9 jackals
  4 kobolds
  8 quokkas
  8 ball pythons
  11 bats
  A frilled lizard (D:1)
  4 rats
74 creatures vanquished.

Vanquished Creatures (others)
  A goblin (D:2)
1 creature vanquished.

Grand Total: 75 creatures vanquished

Notes
Turn   | Place    | Note
-------+----------+-------------------------------------------
     0 | D:1      | FishyPogo the Demonspawn Ice Elementalist began the quest
                  | for the Orb.
     0 | D:1      | Reached XP level 1. HP: 13/13 MP: 3/3
   127 | D:1      | Found Jovaitwo's Magic Scroll Shop.
   277 | D:1      | Gained mutation: You are partially covered in large bone
                  | plates. (SH +4) [demonic ancestry]
   277 | D:1      | Reached XP level 2. HP: 19/19 MP: 5/5
   478 | D:1      | Noticed an animated shadow dragon scales
   479 | D:1      | Found Zead's Armour Shop.
   479 | D:1      | Noticed an animated shadow dragon scales
   495 | D:1      | Reached skill level 4 in Ice Magic
   566 | D:1      | Reached XP level 3. HP: 22/24 MP: 6/6
   739 | D:2      | Learned a level 3 spell: Ozocubu's Armour
  1310 | D:3      | Reached XP level 4. HP: 29/30 MP: 8/8
  1314 | D:3      | Learned a level 2 spell: Wereblood
  1349 | D:3      | Found a snail-covered altar of Cheibriados.
  1422 | D:3      | HP: 1/30 [something (2)]
  1569 | D:3      | Upgraded the game from 0.30.0-17-ge0270778cf to
                  | 0.30.0-18-gc0e69614cb
  1742 | D:3      | Gained mutation: You regenerate a little health from kills.
                  | [demonic ancestry]
  1742 | D:3      | Reached XP level 5. HP: 35/35 MP: 10/10
  1755 | D:3      | Killed from afar by an orc priest

Illustrated notes

Levels and vault maps discovered:
D:1:      onia_arrival_pyramid, layout_rooms, serial_shops,
          nicolae_shop_mannequins, nicolae_shop_just_a_little_nook,
          grunt_decor_resistance
D:2:      layout_rooms, minmay_misc_feat_four_crosses, minmay_tall_x
D:3:      layout_rooms, mainiacjoe_overflow_24_doors, biasface_ghost_orc_armoury

Skill      XL: |  1  2  3 |
---------------+----------+-----
Stealth        | 2 |  2.0
Dodging        | 2 |  2.0
Ice Magic      | 4 |  4.8
Spellcasting   | 3 |  3.7

Action                     |  1- 3 |  4- 6 || total
---------------------------+-------+-------++-------
  Melee: Unarmed           |     9 |     9 ||    18
         Whip              |       |    22 ||    22
  Throw: Dart              |       |     1 ||     1
   Cast: Freeze            |    90 |    28 ||   118
         Ozocubu's Armour  |     2 |     1 ||     3
         Wereblood         |       |     2 ||     2
    Use: Potion            |       |     7 ||     7
 Armour: Robe              |    17 |    23 ||    40
         Skin              |       |    11 ||    11
  Dodge: Dodged            |    43 |    23 ||    66
  Block: Other             |    10 |     7 ||    17
